 Dungeon Crawl Stone Soup version 0.31-a0-692-gf03d1854d5 (webtiles) character file.

Game seed: 18157900773139240595

4614 Corto the Geomancer (level 10, -3/58 HPs)
             Began as a Gargoyle Earth Elementalist on Sept 7, 2023.
             Was a Believer of Vehumet.
             Slain by a steam dragon (5 damage)
             ... on level 7 of the Dungeon.
             The game lasted 00:22:44 (6836 turns).

Corto the Geomancer (Gargoyle Earth Elementalist)   Turns: 6836, Time: 00:22:44

Health: -3/58      AC: 18    Str: 12    XL:     10   Next: 42%
Magic:  6/18       EV: 12    Int: 20    God:    Vehumet [**....]
Gold:   456        SH:  4    Dex: 10    Spells: 16/20 levels left

rFire   . . .        A - +0 whip (venom)
rCold   + . .        r - +0 buckler
rNeg    + + .        y - +1 robe {rN+}
rPois   ∞            (no helmet)
rElec   +            p - +2 cloak
rCorr   .            e - +0 pair of gloves
SInv    .            B - +2 pair of boots
Will    .....        (no amulet)
Stlth   ++           u - ring of protection from cold
HPRegen 0.29/turn    k - ring of wizardry
MPRegen 0.16/turn

%: wizardry (x1)
@: no status effects
A: sickness immunity, AC +7, negative energy resistance 1, electricity
resistance, torment resistance 1, petrification resistance
a: Renounce Religion


You were on level 7 of the Dungeon.
You worshipped Vehumet.
Vehumet was pleased with you.
You visited 2 branches of the dungeon, and saw 8 of its levels.

You collected 456 gold pieces.

Inventory:

Hand Weapons
 c - a +0 whip
 o - a +1 mace
 A - a +0 whip of venom (weapon)
Armour
 a - +0 steam dragon scales
 e - a +0 pair of gloves (worn)
 p - a +2 cloak (worn)
 r - a +0 buckler (worn)
 x - an orb of mayhem
 y - a +1 robe of positive energy (worn)
 B - a +2 pair of boots (worn)
Jewellery
 g - a ring of fire
 k - a ring of wizardry (right hand)
 u - a ring of protection from cold (left hand)
Wands
 f - a wand of iceblast (8)
 C - a wand of flame (19)
Scrolls
 q - 2 scrolls of fog
 s - 3 scrolls of amnesia
 v - 7 scrolls of identify {@r9}
 w - a scroll of teleportation {@r4}
 z - 2 scrolls of blinking
Potions
 b - a potion of magic
 d - 4 potions of haste {@q3}
 h - 2 potions of might
 i - a potion of heal wounds {@q2}
 j - 4 potions of attraction {!q}
 l - a potion of brilliance
 m - 7 potions of curing {@q1}
 n - 6 potions of mutation {!q}
 t - 2 potions of lignification {!q}


   Skills:
 + Level 4.4 Fighting
 + Level 4.1 Maces & Flails
 + Level 4.2 Armour
 + Level 3.9 Dodging
 - Level 2.1 Stealth
 + Level 3.8 Shields
 + Level 5.8 Spellcasting
 + Level 6.0 Conjurations
 - Level 0.7 Transmutations
 + Level 3.5 Fire Magic
 + Level 8.0 Earth Magic
 + Level 3.5 Evocations


You had 16 spell levels left.
You knew the following spells:

 Your Spells              Type           Power      Damage    Failure   Level
a - Sandblast             Erth           76%        2d16      1%          1
b - Stone Arrow           Conj/Erth      68%        3d11      1%          3

Your spell library contained the following spells:

 Spells                   Type           Power      Damage    Failure   Level
 Magic Dart               Conj           100%       1d8       1%          1
 Passwall                 Tmut/Erth      19%        N/A       1%          2
 Hailstorm                Conj/Ice       17%        3d6       5%          3
 Wereblood                Tmut           8%         N/A       6%          2
 Mephitic Cloud           Conj/Pois/Air  13%        N/A       8%          3
 Lesser Beckoning         Tloc           10%        N/A       9%          2
 Poisonous Vapours        Pois/Air       10%        N/A       9%          2
 Petrify                  Tmut/Erth      23%        N/A       10%         4
 Gell's Gravitas          Tloc           5%         N/A       17%         3
 Ozocubu's Armour         Ice            5%         N/A       17%         3
 Teleport Other           Tloc           5%         N/A       17%         3
 Summon Ice Beast         Ice/Summ       5%         N/A       47%         4
 Freezing Cloud           Conj/Ice/Air   6%         6-21      54%         5
 Metabolic Englaciation   Hex/Ice        2%         N/A       82%         5
 Simulacrum               Ice/Necr       2%         N/A       100%        6
 Summon Hydra             Summ           2%         N/A       100%        7
 Sublimation of Blood     Necr           Unusable   N/A       N/A         2

Dungeon Overview and Level Annotations

Branches:
Dungeon (7/15)             Temple (1/1) D:4

Altars:
Ashenzari
Cheibriados
Dithmenos
Elyvilon
Gozag
Hepliaklqana
Kikubaaqudgha
Makhleb
Nemelex Xobeh
Qazlal
Ru
Sif Muna
Trog
Vehumet
Wu Jian
Xom
The Shining One

Shops:
D:2 (   D:4 =


Innate Abilities, Weirdness & Mutations

You are immune to sickness and miasma.
Your stone body is resilient. (AC +7)
You are immune to poison.
You resist negative energy. (rN+)
You are resistant to electric shocks. (rElec)
You are resistant to unholy torment.
You are immune to petrification.


Message History

The sky beast is almost dead.
The sky beast completely misses you.
Casting: Sandblast (safe; 1% risk of failure)
Confirm with . or Enter, or press ? or * to list all spells.
The blast of sand hits the sky beast!
You kill the sky beast!
Vehumet accepts your kill.
A sky beast comes into view.
Casting: Sandblast (safe; 1% risk of failure)
Confirm with . or Enter, or press ? or * to list all spells.
The blast of sand hits the sky beast.
The sky beast is lightly wounded.
The steam dragon misses you. The steam dragon barely misses you.
The sky beast barely misses you. The steam dragon breathes steam at you.
The ball of steam hits you. You block the sky beast's attack.
Casting: Sandblast (safe; 1% risk of failure)
Confirm with . or Enter, or press ? or * to list all spells.
The blast of sand misses the sky beast.
You are engulfed in a cloud of scalding steam.
The steam dragon bites you but does no damage.
The steam dragon claws you but does no damage.
The sky beast hits you but does no damage.
Casting: Sandblast (safe; 1% risk of failure)
Confirm with . or Enter, or press ? or * to list all spells.
The blast of sand hits the sky beast!!
You kill the sky beast!
Vehumet accepts your kill.
You feel your power returning. The steam dragon completely misses you.
The steam dragon claws you. The steam dragon breathes steam at you.
The ball of steam hits you!!
* * * LOW HITPOINT WARNING * * *
Casting: Sandblast (safe; 1% risk of failure)
Confirm with . or Enter, or press ? or * to list all spells.
The blast of sand misses the steam dragon.
You are engulfed in a cloud of scalding steam.
* * * LOW HITPOINT WARNING * * *
The steam dragon bites you.
You die... ██•••••••••••• █••••••••••••• █••••••)•••••• █•••••••••)†•• █••••••••••••• █••••••••••███ ██•••••••)██ ████████••••)•••••█ █••@Y•••••)•••••>•█ █•••••D██•••••••••••••█ █•███•••••••••••••••••█ █••••••█•••••••••••█

█•••█≈≈≈ζ•ζ•••••••••••█
••••█≈~~~~ζ••••••••███••
█•••█ζ≈~••~~≈█••█████ ██
██••≈~ζ••)•~≈•••█


████ █••• You could see a steam dragon (catching breath) and a sky beast.

Vanquished Creatures
  The ghost of stefukn the Spear-Bearer, a novice HOBe of Trog (D:6)
  Jeremiah (D:6)
  Grinder (D:3)
  Eustachio (D:5)
  3 steam dragons (D:7)
  Menkaure (D:4)
  A water moccasin (D:7)
  2 ice beasts
  3 sky beasts
  2 black bears
  2 centaurs (D:6)
  A phantom (D:5)
  A kobold brigand (D:6)
  2 scorpions
  9 wights
  2 jellies
  4 orc priests
  Crazy Yiuf (D:2)
  2 gnoll boudas
  4 hounds
  6 sleepcaps
  Jessica (D:2)
  4 iguanas
  9 orc wizards
  21 gnolls
  7 adders
  2 white imps
  A worm (D:2)
  2 dart slugs
  25 orcs
  3 bats
  7 endoplasms
  3 giant cockroaches
  4 goblins
  4 hobgoblins
  3 jackals (D:1)
  3 quokkas
  9 ball pythons
  2 frilled lizards (D:1)
  13 kobolds
  2 rats
175 creatures vanquished.

Vanquished Creatures (collateral kills)
  An orc wizard (D:6)
1 creature vanquished.

Vanquished Creatures (others)
  An orc wizard (D:6)
  2 orcs (D:7)
3 creatures vanquished.

Grand Total: 179 creatures vanquished

Notes
Turn   | Place    | Note
-------+----------+-------------------------------------------
     0 | D:1      | Corto the Gargoyle Earth Elementalist began the quest for
                  | the Orb.
     0 | D:1      | Reached XP level 1. HP: 10/10 MP: 3/3
   144 | D:1      | Reached XP level 2. HP: 15/15 MP: 0/5
   204 | D:1      | Reached skill level 4 in Earth Magic
   550 | D:1      | Reached XP level 3. HP: 19/19 MP: 2/6
   554 | D:1      | Learned a level 3 spell: Stone Arrow
   763 | D:1      | Found a faded altar of an unknown god.
  1090 | D:2      | Reached skill level 1 in Conjurations
  1093 | D:2      | Reached XP level 4. HP: 8/24 MP: 1/8
  1289 | D:2      | Noticed Jessica
  1292 | D:2      | Killed Jessica
  1329 | D:2      | Found Irchywos's Weapon Shop.
  1436 | D:2      | Found an ancient bone altar of Kikubaaqudgha.
  1442 | D:2      | Reached skill level 5 in Earth Magic
  1538 | D:2      | Found a runed translucent door.
  1539 | D:2      | Noticed Crazy Yiuf
  1546 | D:2      | Killed Crazy Yiuf
  1547 | D:2      | Reached XP level 5. HP: 9/28 MP: 4/10
  1848 | D:3      | Found a broken altar of Ashenzari.
  1958 | D:3      | Reached XP level 6. HP: 32/32 MP: 8/11
  2057 | D:3      | Noticed Grinder
  2060 | D:3      | Paralysed by Grinder for 3 turns
  2066 | D:3      | Killed Grinder
  2067 | D:3      | Reached skill level 6 in Earth Magic
  2068 | D:3      | Reached XP level 7. HP: 16/36 MP: 4/13
  2542 | D:4      | Found a staircase to the Ecumenical Temple.
  2547 | D:4      | Noticed Menkaure
  2555 | Temple   | Entered the Ecumenical Temple
  2594 | Temple   | Became a worshipper of Vehumet
  2776 | D:4      | Killed Menkaure
  3038 | D:4      | Found a shimmering blue altar of Sif Muna.
  3120 | D:4      | Found Hall's Jewellery Shop.
  3123 | D:4      | Reached skill level 1 in Fighting
  3123 | D:4      | Reached skill level 1 in Maces & Flails
  3123 | D:4      | Reached skill level 1 in Armour
  3503 | D:5      | Entered Level 5 of the Dungeon
  3672 | D:5      | Reached skill level 1 in Evocations
  4089 | D:5      | Reached XP level 8. HP: 43/43 MP: 12/14
  4455 | D:5      | Noticed Eustachio
  4461 | D:5      | Killed Eustachio
  4462 | D:5      | Reached skill level 1 in Shields
  4462 | D:5      | Reached skill level 1 in Fire Magic
  4634 | D:6      | Reached * piety under Vehumet
  4634 | D:6      | Offered knowledge of Freeze by Vehumet.
  4769 | D:6      | Noticed Jeremiah
  4787 | D:5      | Reached skill level 7 in Earth Magic
  4873 | D:6      | Reached skill level 5 in Spellcasting
  4895 | D:6      | Killed Jeremiah
  4896 | D:6      | Reached skill level 5 in Conjurations
  4896 | D:6      | Reached XP level 9. HP: 19/50 MP: 8/16
  5560 | D:6      | Found a runed translucent door.
  5565 | D:6      | Noticed stefukn's ghost (novice HOBe)
  5665 | D:6      | Killed stefukn's ghost
  6156 | D:7      | Reached XP level 10. HP: 51/56 MP: 10/18
  6162 | D:7      | Offered knowledge of Magic Dart by Vehumet.
  6164 | D:7      | Reached ** piety under Vehumet
  6819 | D:7      | Reached skill level 8 in Earth Magic
  6836 | D:7      | HP: 1/58 [steam dragon] (8)]
  6836 | D:7      | Slain by a steam dragon

Illustrated notes

Levels and vault maps discovered:
D:1:      saegor_arrival_simple_d, layout_basic,
          hellmonk_ecumenical_altar_pennies_from_heaven, minmay_distorted
D:2:      layout_rooms, basic_altar, serial_shops, shop, minmay_split_cup_small,
          uniq_crazy_yiuf_cottage, uniq_jessica
D:3:      layout_rooms, mainiacjoe_overflow_paths, uniq_grinder
D:4:      layout_basic, mainiacjoe_overflow_alcove_4,
          minmay_temple_entry_offerings, serial_shops, shop, uniq_menkaure
D:5:      layout_loops_corners, uniq_eustachio
D:6:      layout_rooms, gammafunk_ghost_grave, hellmonk_no_cap, uniq_jeremiah
D:7:      layout_rooms, supply_closet_lemuel,
          hangedman_abyss_or_decor_lesser_grid, hangedman_misty_isle
Temple:   regret_index_temple_waves

Skill      XL: |  1  2  3  4  5  6  7  8  9 10 |
---------------+-------------------------------+-----
Earth Magic    | 4 5 6 7 8 |  8.0
Conjurations   | 1 2 3 4 5 6 |  6.0
Spellcasting   | 3 4 5 |  5.8
Fighting       | 1 3 4 |  4.4
Maces & Flails | 1 2 3 4 |  4.1
Armour         | 1 2 3 4 |  4.2
Dodging        | 2 3 |  3.9
Evocations     | 1 2 3 |  3.5
Shields        | 2 3 |  3.8
Fire Magic     | 2 3 |  3.5
Stealth        | |  2.1
Transmutations | |  0.7

Action                     |  1- 3 |  4- 6 |  7- 9 | 10-12 || total
---------------------------+-------+-------+-------+-------++-------
  Melee: Unarmed           |     8 |       |       |       ||     8
         Mace              |       |       |    21 |       ||    21
         Whip              |       |       |    10 |     1 ||    11
   Cast: Sandblast         |    44 |    45 |   224 |    63 ||   376
         Stone Arrow       |       |       |     5 |       ||     5
    Use: Scroll            |       |       |    17 |       ||    17
 Armour: Robe              |    15 |    15 |   119 |    50 ||   199
  Dodge: Dodged            |    12 |    13 |    76 |    24 ||   125
  Block: Buckler           |       |       |    22 |     8 ||    30

Table legend: (Time is in decaauts)
 A = Elapsed time spent in this place.
 B = Non-inter-level travel time spent in this place.
 C = Inter-level travel time spent in this place.
 D = Time resting spent in this place.
 E = Time spent auto-exploring this place.
 F = Levels seen in this place.
 G = Mean time per level.
                   A        B        C        D        E       F      G
               +--------+--------+--------+--------+--------+-----+--------+
         Total |   7030 |   6662 |    368 |    763 |   4429 |   8 |  878.8 |
       Dungeon |   6812 |   6526 |    286 |    663 |   4429 |   7 |  973.1 |
        Temple |    217 |    135 |     82 |    100 |      0 |   1 |  217.0 |
               +--------+--------+--------+--------+--------+-----+--------+

Top non-repeatable levels by time:
     D:6: 1666 daAuts
     D:5: 1284 daAuts
     D:1: 982 daAuts
     D:3: 811 daAuts
     D:4: 783 daAuts
     D:2: 769 daAuts
     D:7: 513 daAuts
  Temple: 217 daAuts
